 Dungeon Crawl Stone Soup version 0.29-a0-887-gcbe080d7e0 (webtiles) character file.

Game seed: 15037499222798772212

41668 Hubris850 the Brawler (level 13, -9/175 HPs)
             Began as a Troll Berserker on July 21, 2022.
             Was a High Priest of Trog.
             Mangled by a sun demon (18 damage)
             ... on level 5 of the Lair of Beasts.
             The game lasted 00:34:47 (11077 turns).

Hubris850 the Brawler (Troll Berserker)            Turns: 11077, Time: 00:34:48

Health: -9/175     AC: 12    Str: 29    XL:     13   Next: 81%
Magic:  12/12      EV: 10    Int:  2    God:    Trog [*****.]
Gold:   727        SH:  0    Dex: 15    Spells: 12/12 levels left

rFire   . . .      SeeInvis +     - Unarmed
rCold   . . .      Faith    +   (no shield)
rNeg    . . .      Spirit   .   K - +0 acid dragon scales
rPois   +          Reflect  .   (helmet restricted)
rElec   .          Harm     .   S - +2 cloak
rCorr   +          Rampage  .   (gloves unavailable)
Will    .....                   (boots unavailable)
Stlth   ..........              s - amulet of faith
HPRegen 1.19/turn               h - ring of poison resistance
MPRegen 0.13/turn               c - ring of see invisible

@: berserking, weakened, spiked, studying Fighting, very quick
A: large, unfitting armour, claws 3, regeneration 1, shaggy fur 2, tough skin 1,
hooves 1, agile 1, frail 1
a: Renounce Religion, Berserk, Trog's Hand, Brothers in Arms


You were on level 5 of the Lair of Beasts.
You worshipped Trog.
Trog was extremely pleased with you.
You visited 2 branches of the dungeon, and saw 14 of its levels.
You also visited: Ossuary.

You collected 863 gold pieces.
You spent 136 gold pieces at shops.

Inventory:

Hand Weapons
 i - a +2 vorpal dagger
 x - a +3 short sword of electrocution
 I - a +1 morningstar of holy wrath
 O - a +2 antimagic great sword
 R - a +1 longbow of flaming
Missiles
 e - 9 javelins (quivered)
 z - a curare-tipped dart
Armour
 a - a +0 animal skin
 G - +0 steam dragon scales
 H - a +1 cloak
 J - the +8 plate armour of Ru {Will+ Dex+4}
   (You found it on level 9 of the Dungeon)

   Dex:       It affects your dexterity (+4).
   Will:      It increases your willpower.
 K - +0 acid dragon scales (worn)
 S - a +2 cloak (worn)
Jewellery
 b - a ring of magical power
 c - a ring of see invisible (right claw)
 h - a ring of poison resistance (left claw)
 s - an amulet of faith (around neck)
 D - a ring of protection from cold
Wands
 j - a wand of polymorph (14)
 F - a wand of paralysis (20)
 M - a wand of quicksilver (15)
 Q - a wand of mindburst (9)
Scrolls
 m - 3 scrolls of immolation
 q - 4 scrolls of poison
 r - 2 scrolls of fear
 y - a scroll of blinking
 A - 3 scrolls of butterflies
 B - a scroll of vulnerability
 C - 2 scrolls of magic mapping
 L - 4 scrolls of teleportation
 P - a scroll of silence {unknown}
Potions
 d - 7 potions of magic
 f - 2 potions of heal wounds
 g - 4 potions of resistance
 k - 6 potions of curing
 l - 5 potions of mutation
 n - 2 potions of degeneration
 o - a potion of might
 p - 5 potions of haste
 t - 4 potions of brilliance
 u - a potion of invisibility {unknown}
 v - 2 potions of flight
 w - a potion of cancellation {unknown}
 E - 2 potions of lignification
 N - a potion of ambrosia {unknown}


   Skills:
 - Level 9.0 Fighting
 + Level 5.8 Maces & Flails
 - Level 5.0 Throwing
 - Level 2.4 Dodging
 + Level 20.0 Unarmed Combat


You had 12 spell levels left.
You didn't know any spells.
Your spell library was empty.

Dungeon Overview and Level Annotations

Branches:
Dungeon (9/15)             Temple (0/1) D:6            Lair (5/5) D:9
  Swamp (0/4) Lair:2       Spider (0/4) Lair:3        Slime (0/5) Lair:5
    Orc (0/2) D:9         Ossuary (visited)

Altars:
Hepliaklqana
Kikubaaqudgha
Makhleb
Sif Muna
Yredelemnul
The Shining One
Jiyva

Shops:
D:9 ?!


Innate Abilities, Weirdness & Mutations

You are too large for most types of armour.
You have claws for hands.
Your natural rate of healing is unusually fast.
You are covered in thick fur. (AC +2)
You have tough skin. (AC +1)
You have large cloven feet.
You are agile. (Dex +4, Str/Int -1)
You are frail. (-10% HP)


Message History

The red devil closely misses you. The orange demon stings you!
The orange demon hits you. The red devil barely misses you.
You claw the orange demon!
You kill the orange demon!
Trog accepts your kill.
The barbs in your skin will harm you if you move.
Continue?
The barbed spikes dig painfully into your body as you move.
The smoke demon roars!
The sun demon hits you.
You are engulfed in flames!
The red devil hits you with a +0 trident!
Barbed spikes become lodged in your body.
An ice devil comes into view.
The red devil hits you with a +0 trident.
Barbed spikes become lodged in your body.
There is an open door here.
You mangle the red devil!!
You kill the red devil!
Trog accepts your kill.
You mangle the red devil!! You claw the red devil.
The red devil is severely wounded.
The sun demon hits you!
You are engulfed in flames!
* * * LOW HITPOINT WARNING * * *
The red devil hits you with a +0 trident!
* * * LOW HITPOINT WARNING * * *
Barbed spikes become lodged in your body.
You closely miss the red devil. Your claw misses the red devil.
The red devil is severely wounded.
The hell hound completely misses you.
The barbed spikes dig painfully into your body as you move.
* * * LOW HITPOINT WARNING * * *
The red devil hits you from afar with a +0 trident!
* * * LOW HITPOINT WARNING * * *
Barbed spikes become lodged in your body.
Unknown command.
You claw the sun demon! You kick the sun demon. Your claw misses the sun demon.
The sun demon is moderately wounded.
The sun demon hits you!
* * * LOW HITPOINT WARNING * * *
You are engulfed in flames!!
You die...

♣♣..♣♣ ♣♣♣....♣♣♣...♣♣ ♣....♣
♣♣♣†......♣♣ #######''######
♣♣♣.♣♣.♣♣
#.............#########'♣♣♣♣♣
#....8....8...#........#♣
#.............'...8.8..#
###############..8.#...#
4.......#...8.#..#
.§......#@.#)8...#
.34_..443...#.8..#
3§.§...h#..8.8...#
≈§§.....#........#
≈≈§≈≈############# §≈≈≈§ ####


You could see a sun demon, an orange demon, an ice devil, a red devil and a hell
hound.

Vanquished Creatures
  Nessos (Lair:5)
  2 boulder beetles
  2 hydras
  7 death yaks
  A lindwurm (Lair:5)
  A wizard (Lair:5)
  Joseph (D:8)
  12 elephants
  Maurice (D:8)
  3 black mambas (Lair:5)
  An orange demon (Lair:5)
  14 cane toads
  5 rime drakes
  10 komodo dragons
  A red devil (Lair:5)
  A troll (D:9)
  2 polar bears
  4 dream sheep (Lair:4)
  23 blink frogs
  Sigmund (D:3)
  7 wyverns
  A wraith (D:9)
  Eustachio (D:5)
  5 basilisks
  Grum (D:8)
  30 yaks
  3 steam dragons
  A redback (Lair:3)
  An acid dragon (D:9)
  4 orc warriors
  11 water moccasins
  A sky beast (D:7)
  2 black bears
  12 wolves
  4 centaurs
  2 phantoms (D:7)
  2 kobold brigands
  3 scorpions
  11 bullfrogs
  2 necrophages
  6 water moccasin zombies (Ossuary)
  10 killer bees
  An electric eel (Lair:2)
  5 jellies
  4 orc priests
  6 hounds
  2 iguanas
  4 orc wizards
  2 mummies (Ossuary)
  8 adders
  10 gnolls
  A white imp (D:6)
  3 ufetubi (D:5)
  4 adder zombies (Ossuary)
  A worm (D:3)
  A dart slug (D:1)
  23 orcs
  8 ball pythons
  6 bats
  5 endoplasms
  3 giant cockroaches
  5 gnoll zombies (Ossuary)
  2 goblins (D:1)
  6 hobgoblins
  8 kobolds
  3 quokkas
  A frilled lizard (D:2)
  4 hobgoblin zombies (Ossuary)
  3 kobold zombies (Ossuary)
  2 orc zombies (Ossuary)
  4 rats
348 creatures vanquished.

Vanquished Creatures (collateral kills)
  A hydra (Lair:3)
  Prince Ribbit (D:8)
  A wolf (D:8)
  A howler monkey (D:8)
  A jelly (D:8)
  A gnoll bouda (D:8)
  2 gnolls (D:8)
8 creatures vanquished.

Vanquished Creatures (others)
  16 fungi
  14 plants
  4 toadstools (D:1)
34 creatures vanquished.

Grand Total: 390 creatures vanquished

Notes
Turn   | Place    | Note
-------+----------+-------------------------------------------
     0 | D:1      | Hubris850 the Troll Berserker began the quest for the Orb.
     0 | D:1      | Reached XP level 1. HP: 22/22 MP: 0/0
   179 | D:1      | Found a faded altar of an unknown god.
   244 | D:1      | Reached XP level 2. HP: 23/29 MP: 1/1
   571 | D:2      | Reached skill level 4 in Unarmed Combat
   571 | D:2      | Reached XP level 3. HP: 36/36 MP: 2/2
  1105 | D:3      | Reached skill level 5 in Unarmed Combat
  1105 | D:3      | Reached XP level 4. HP: 44/44 MP: 3/3
  1109 | D:3      | Reached ** piety under Trog
  1147 | D:4      | Noticed a necrophage
  1151 | D:4      | Killed a necrophage
  1152 | D:4      | Reached skill level 6 in Unarmed Combat
  1152 | D:4      | Reached XP level 5. HP: 50/50 MP: 4/4
  1329 | D:4      | Found a sand-covered staircase.
  1360 | Ossuary  | Entered an ossuary
  1392 | Ossuary  | Reached skill level 7 in Unarmed Combat
  1392 | Ossuary  | Reached XP level 6. HP: 45/59 MP: 5/5
  1475 | Ossuary  | Reached skill level 8 in Unarmed Combat
  1475 | Ossuary  | Reached XP level 7. HP: 53/66 MP: 6/6
  1811 | D:4      | Reached *** piety under Trog
  1846 | D:3      | Noticed Sigmund
  1853 | D:3      | Killed Sigmund
  1854 | D:3      | Reached skill level 9 in Unarmed Combat
  2660 | D:5      | Entered Level 5 of the Dungeon
  2673 | D:5      | Noticed Eustachio
  2683 | D:5      | Reached XP level 8. HP: 48/74 MP: 7/7
  2697 | D:5      | Reached skill level 10 in Unarmed Combat
  2715 | D:5      | Killed Eustachio
  2851 | D:5      | Reached skill level 11 in Unarmed Combat
  2919 | D:5      | Gained mutation: You are agile. (Dex +4, Str/Int -1)
                  | [potion of mutation]
  2919 | D:5      | Gained mutation: You are frail. (-10% HP) [potion of
                  | mutation]
  2919 | D:5      | Gained mutation: You are covered in thick fur. (AC +2)
                  | [potion of mutation]
  2919 | D:5      | Gained mutation: You have large cloven feet. [potion of
                  | mutation]
  3317 | D:6      | HP: 1/66 [poisoned by a killer bee]
  3400 | D:6      | Reached **** piety under Trog
  3404 | D:6      | Reached skill level 12 in Unarmed Combat
  3431 | D:6      | Found a basalt altar of Yredelemnul.
  3510 | D:6      | Reached XP level 9. HP: 68/72 MP: 8/8
  3768 | D:6      | Found a hazy altar of Hepliaklqana.
  3978 | D:6      | Found a staircase to the Ecumenical Temple.
  4401 | D:7      | Reached skill level 13 in Unarmed Combat
  4538 | D:7      | Reached ***** piety under Trog
  4581 | D:7      | Found an ancient bone altar of Kikubaaqudgha.
  4687 | D:7      | Found a glowing golden altar of the Shining One.
  5005 | D:8      | Noticed Prince Ribbit
  5005 | D:8      | Noticed Joseph
  5013 | D:8      | Killed Joseph
  5014 | D:8      | Reached skill level 14 in Unarmed Combat
  5017 | D:8      | Killed Prince Ribbit
  5020 | D:8      | Noticed Grum
  5025 | D:8      | Reached XP level 10. HP: 39/79 MP: 9/9
  5028 | D:8      | Killed Grum
  5109 | D:8      | Noticed Maurice
  5109 | D:8      | Paralysed by Maurice for 2 turns
  5123 | D:8      | Killed Maurice
  5124 | D:8      | Reached skill level 15 in Unarmed Combat
  5523 | D:9      | Found a staircase to the Orcish Mines.
  5550 | D:9      | Reached skill level 16 in Unarmed Combat
  5576 | D:9      | Found Leumeriefi's Magic Scroll Shop.
  5597 | D:9      | Bought a scroll of identify for 34 gold pieces
  5597 | D:9      | Bought a scroll of identify for 34 gold pieces
  5597 | D:9      | Bought a scroll of identify for 34 gold pieces
  5597 | D:9      | Bought a scroll of identify for 34 gold pieces
  5604 | D:9      | Found a staircase to the Lair.
  5624 | D:9      | Found Aboomien's Distillery.
  5709 | D:9      | Found a shimmering blue altar of Sif Muna.
  5885 | D:9      | Identified the +8 plate armour of Ru {Will+ Dex+4}
  6195 | Lair:1   | Entered Level 1 of the Lair of Beasts
  6284 | Lair:1   | Noticed a boulder beetle
  6298 | Lair:1   | Killed a boulder beetle
  6299 | Lair:1   | Reached XP level 11. HP: 37/88 MP: 10/10
  6595 | Lair:1   | Reached skill level 5 in Fighting
  6719 | Lair:1   | Reached skill level 17 in Unarmed Combat
  6724 | Lair:1   | Reached skill level 1 in Throwing
  7189 | Lair:2   | Found a staircase to the Swamp.
  7564 | Lair:2   | Noticed a boulder beetle
  7579 | Lair:2   | Killed a boulder beetle
  7842 | Lair:2   | Reached skill level 5 in Throwing
  7872 | Lair:2   | Noticed a four-headed hydra
  7880 | Lair:2   | Killed a four-headed hydra
  7881 | Lair:2   | Reached XP level 12. HP: 90/99 MP: 11/11
  8268 | Lair:3   | Reached skill level 18 in Unarmed Combat
  8369 | Lair:3   | Found a hole to the Spider Nest.
  8590 | Lair:3   | Noticed a four-headed hydra
  8599 | Lair:3   | Killed a four-headed hydra
  9447 | Lair:4   | Reached skill level 19 in Unarmed Combat
  9555 | Lair:4   | Received a gift from Trog
  9932 | Lair:5   | Entered Level 5 of the Lair of Beasts
  9951 | Lair:4   | Reached XP level 13. HP: 23/114 MP: 12/12
 10189 | Lair:5   | Reached skill level 1 in Maces & Flails
 10206 | Lair:5   | Found a staircase to the Slime Pits.
 10402 | Lair:5   | Found a viscous altar of Jiyva.
 10411 | Lair:5   | Identified a scroll of acquirement
 10411 | Lair:5   | Acquired the +0 kite shield of Amorality {Will+ Str+5}
 10914 | Lair:5   | Noticed Nessos
 10922 | Lair:5   | Killed Nessos
 10923 | Lair:5   | Reached skill level 5 in Maces & Flails
 10977 | Lair:5   | Acquired a manual of Fighting
 11012 | Lair:5   | Reached skill level 20 in Unarmed Combat
 11059 | Lair:5   | Found a burning altar of Makhleb.
 11077 | Lair:5   | Mangled by a sun demon

Illustrated notes

Levels and vault maps discovered:
D:1:      dpeg_arrival_snail, layout_basic,
          shapermc_ecumenical_altar_mp_ritualfount, minmay_gold_behind_fungi
D:2:      layout_rooms
D:3:      layout_rooms, kennysheep_generic_room_12, uniq_sigmund
D:4:      layout_loops_corners, nicolae_ossuary_entry_false_entrances,
          nicolae_underground_beach
D:5:      layout_rooms, uniq_eustachio
D:6:      layout_loops_corners, nzn_hepliaklqana_mist_gate, old_standard_altar,
          minmay_temple_entry_statues_pillars, corexii_leaking_fountain,
          nicolae_concentric_dashed_squares_mild, minmay_misc_feat_alley
D:7:      layout_rooms, kiku_gazebo_pond_becter, tso_altar, serial_rivers,
          chequers_serial_rivers_micro_e, chequers_serial_rivers_large_b,
          chequers_serial_rivers_micro_e, chequers_serial_rivers_small_3,
          chequers_serial_rivers_micro_d, chequers_serial_rivers_micro_d
D:8:      layout_rooms, uniq_maurice, uniq_prince_ribbit1, uniq_joseph,
          uniq_grum
D:9:      cheibrodos_steamvent, layout_basic,
          mainiacjoe_overflow_six_doors_small, lair_entry_dummy, orc_0_dummy,
          serial_shops, shop, shop
Lair:1:   hellmonk_ruined_rings, layout_regular_city
Lair:2:   layout_gridlike, swamp_mist_pool
Lair:3:   layout_chaotic_city, spider_nest_entry_rubble
Lair:4:   layout_long_grid
Lair:5:   evil_forest, layout_big_grid, slime_entry_1, serial_bayou_shore_b,
          uniq_nessos

Skill      XL: |  1  2  3  4  5  6  7  8  9 10 11 12 13 |
---------------+----------------------------------------+-----
Unarmed Combat | 4 5 6 7 8 9 12 14 16 17 19 20 | 20.0
Fighting       | 3 5 8 9 |  9.0
Throwing       | 5 |  5.0
Maces & Flails | 5 |  5.8
Dodging        | |  2.4

Action                   |  1- 3 |  4- 6 |  7- 9 | 10-12 | 13-15 || total
-------------------------+-------+-------+-------+-------+-------++-------
Melee: Unarmed           |    62 |    97 |   275 |   370 |   154 ||   958
       Punch             |     2 |     2 |     9 |    45 |    25 ||    83
       Kick              |       |       |    35 |   109 |    52 ||   196
       Morningstar       |       |       |       |     6 |     2 ||     8
Throw: Javelin           |       |       |     8 |    21 |     4 ||    33
Invok: Berserk           |     1 |       |     6 |     6 |     6 ||    19
       Trog's Hand       |       |       |     2 |     4 |       ||     6
       Brothers in Arms  |       |       |     1 |       |     1 ||     2
  Use: Scroll            |       |       |     5 |    14 |     2 ||    21
       Potion            |       |       |     5 |     2 |       ||     7
 Stab: Sleeping          |       |       |       |     1 |       ||     1
       Distracted        |       |       |       |     1 |     1 ||     2
Armor: Animal skin       |    22 |    23 |    96 |    19 |       ||   160
       Steam dragon scal |       |       |       |     1 |       ||     1
       Acid dragon scale |       |       |       |    96 |    71 ||   167
Dodge: Dodged            |    32 |    35 |   153 |   128 |    69 ||   417

Table legend: (Time is in decaauts)
 A = Elapsed time spent in this place.
 B = Non-inter-level travel time spent in this place.
 C = Inter-level travel time spent in this place.
 D = Time resting spent in this place.
 E = Time spent auto-exploring this place.
 F = Levels seen in this place.
 G = Mean time per level.
                   A        B        C        D        E       F      G
               +--------+--------+--------+--------+--------+-----+--------+
         Total |  11058 |  10735 |    323 |   1033 |   7203 |  15 |  737.2 |
       Dungeon |   6037 |   5785 |    252 |    305 |   4100 |   9 |  670.8 |
          Lair |   4827 |   4757 |     70 |    728 |   3103 |   5 |  965.4 |
       Ossuary |    193 |    193 |      0 |      0 |      0 |   1 |  193.0 |
               +--------+--------+--------+--------+--------+-----+--------+

Top non-repeatable levels by time:
  Lair:4: 1031 daAuts
  Lair:3: 1020 daAuts
     D:6: 1001 daAuts
  Lair:2: 976 daAuts
  Lair:1: 941 daAuts
     D:4: 935 daAuts
  Lair:5: 857 daAuts
     D:7: 789 daAuts
     D:9: 686 daAuts
     D:5: 600 daAuts
     D:2: 554 daAuts
     D:1: 507 daAuts
     D:8: 501 daAuts
     D:3: 461 daAuts
 Ossuary: 193 daAuts
